 Dungeon Crawl Stone Soup version 0.25-a0-294-gea9b1ad378 (webtiles) character file.

Game seed: 1927235433670607932, levelgen mode: deterministic

20 Roikka the Sneak (level 2, 0/13 HPs)
             Began as a Spriggan Enchanter on Dec 18, 2019.
             Slain by a hobgoblin (4 damage)
             ... on level 1 of the Dungeon.
             The game lasted 00:02:30 (1023 turns).

Roikka the Sneak (Spriggan Enchanter)               Turns: 1023, Time: 00:02:31

Health: 0/13       AC:  2    Str:  4    XL:     2   Next: 58%
Magic:  0/6        EV: 18    Int: 16    God:
Gold:   64         SH:  0    Dex: 16    Spells: 3/6 levels left

rFire    . . .     SeeInvis +   a - +1 dagger
rCold    . . .     Gourm    .   (shield restricted)
rNeg     . . .     Faith    .   b - +0 robe
rPois    .         Spirit   .   (helmet restricted)
rElec    .         Reflect  .   (no cloak)
rCorr    .         Harm     .   (gloves unavailable)
MR       .....                  (boots unavailable)
Stlth    +++.......             (no amulet)
HPRegen  0.04/turn              (no ring)
MPRegen  0.10/turn              (no ring)

@: very quick
A: very small, unfitting armour, see invisible, herbivore, speed 3, slow
metabolism 2
a: no special abilities


You were on level 1 of the Dungeon.
You were not hungry.

You visited 1 branch of the dungeon, and saw 1 of its levels.

You collected 64 gold pieces.

Inventory:

Hand Weapons
 a - a +1 dagger (weapon)
Missiles
 h - 19 poisoned darts (quivered)
Armour
 b - a +0 robe (worn)
Jewellery
 c - an uncursed ring of ice {unknown}
Scrolls
 f - a scroll of remove curse {unknown}
 g - a scroll of amnesia {unknown}
Potions
 e - a potion of flight {unknown}
Comestibles
 d - 3 rations


   Skills:
 * Level 1.9 Short Blades
 + Level 3.2 Dodging
 + Level 4.7 Stealth
 + Level 2.8 Spellcasting
 + Level 3.9 Hexes
 + Level 0.1 Ice Magic


You had 3 spell levels left.
You knew the following spells:

 Your Spells              Type           Power        Failure   Level  Hunger
a - Corona                Hex            ###....      3%          1    #......
b - Ensorcelled Hibernat  Hex/Ice        #.....       12%         2    ##.....

Your spell library contained the following spells:

 Spells                   Type           Power        Failure   Level  Hunger
 Confuse                  Hex            ###.....     11%         3    ###....
 Tukima's Dance           Hex            ###.....     11%         3    ###....
 Dazzling Flash           Conj/Hex       #.....       26%         3    ###....


Dungeon Overview and Level Annotations

Branches:
Dungeon (1/15)

Altars:


Innate Abilities, Weirdness & Mutations

You are very small and have problems with some larger weapons.
You are too small for most types of armour.
You have supernaturally acute eyesight. (SInv)
You are a herbivore.
You cover ground extremely quickly.
You need to consume almost no food.


Message History

Confirm with . or Enter, or press ? or * to list all spells.
Aiming: Ensorcelled Hibernation (safe; 13% risk of failure)
Press: ? - help, Shift-Dir - straight line, f/p - jackal
Aim: a jackal (chance to defeat MR: 57%)
The jackal looks drowsy...
The jackal misses you.
The helpless jackal fails to defend itself.
You impale the jackal!!
You kill the jackal!
The jackal barely misses you.
Casting: Ensorcelled Hibernation (safe; 13% risk of failure)
Confirm with . or Enter, or press ? or * to list all spells.
Aiming: Ensorcelled Hibernation (safe; 13% risk of failure)
Press: ? - help, Shift-Dir - straight line, f - jackal
Aim: a jackal (chance to defeat MR: 57%)
The jackal looks drowsy...
The helpless jackal fails to defend itself.
You impale the jackal!!
You kill the jackal!
The hobgoblin hits you.
You die...

#### #...........###
# ...# #####.......#
...# ####.......##
...#####...........#
.................(.#
...#####.....).....#
#### #.......#...#
#.......#g†.#
#.......#@..#
#.......#####
#....gh.###
###.......#
#.......# #.......#
#.......#
#.......##### .
#...........#


You could see a hobgoblin.

Vanquished Creatures
  A dart slug (D:1)
  A ball python (D:1)
  3 goblins (D:1)
  2 hobgoblins (D:1)
  3 jackals (D:1)
  A bat (D:1)
  4 kobolds (D:1)
  A rat (D:1)
16 creatures vanquished.

Notes
Turn   | Place    | Note
-------+----------+-------------------------------------------
     0 | D:1      | Roikka the Spriggan Enchanter began the quest for the Orb.
     0 | D:1      | Reached XP level 1. HP: 9/9 MP: 5/5
   326 | D:1      | Reached XP level 2. HP: 12/13 MP: 2/6
   332 | D:1      | Learned a level 2 spell: Ensorcelled Hibernation
  1023 | D:1      | Slain by a hobgoblin

Levels and vault maps discovered:
D:1:      erik_arrival_blinker_ship, layout_basic

Action                   || total
-------------------------++-------
Melee: Dagger            ||    51
 Cast: Corona            ||     6
       Ensorcelled Hiber ||     3
 Stab: Sleeping          ||     6
Armor: Robe              ||     3
Dodge: Dodged            ||    37

Table legend:
 A = Non-vault XP
 B = Vault XP
 C = Vault XP percentage of total XP
 D = Non-vault monster count
 E = Vault monster count
 F = Vault count percentage of total count
                 A         B        C        D         E       F
            +---------+---------+-------+---------+---------+-------
      Total |      29 |       0 |   0.0 |      16 |       0 |   0.0
            +---------+---------+-------+---------+---------+-------
        D:1 |      29 |       0 |   0.0 |      16 |       0 |   0.0
            +---------+---------+-------+---------+---------+-------
